 Dungeon Crawl Stone Soup version 0.29-a0-911-g88e6f02907 (webtiles) character file.

Game seed: 16338919693812396548

54945 concernfroge the Severer (level 14, -14/110 HPs)
             Began as a Mummy Monk on July 23, 2022.
             Was an Initiate of Gozag.
             Demolished by a frost giant
             ... wielding a +0 battleaxe of freezing
              (35 damage)
             ... on level 13 of the Dungeon on July 26, 2022.
             The game lasted 01:25:53 (28948 turns).

concernfroge the Severer (Mummy Monk)              Turns: 28948, Time: 01:25:55

Health: -14/110    AC: 14    Str: 19    XL:     14   Next: 36%
Magic:  4/4        EV: 14    Int: 10    God:    Gozag
Gold:   404        SH:  5    Dex: 14    Spells: 13/13 levels left

rFire   x . .      SeeInvis +   a - +4 battleaxe of Toothy Watchfulness {antimagic, Fly SInv}
rCold   + . .      Faith    .   (shield currently unavailable)
rNeg    + + +      Spirit   .   l - +1 plate armour of Comp {Stlth+}
rPois   ∞          Reflect  +   d - +1 helmet
rElec   .          Harm     .   (no cloak)
rCorr   .          Rampage  .   o - +0 pair of gloves
Will    +....                   (no boots)
Stlth   ..........              s - amulet of reflection
HPRegen 0.28/turn               k - +4 ring of evasion
MPRegen 0.09/turn               c - +4 ring of evasion

@: gold aura, flying, slowed, very slow
A: cold resistance 1, negative energy resistance 3, torment resistance 2, heat
vulnerability 1, in touch with death 2, no potions
a: Renounce Religion, Potion Petition, Call Merchant, Bribe Branch


You were on level 13 of the Dungeon.
You worshipped Gozag.
Gozag was aware of your devotion.
You visited 3 branches of the dungeon, and saw 21 of its levels.

You collected 4886 gold pieces.
You spent 67 gold pieces at shops.
You paid 4415 gold pieces to Gozag.

Inventory:

Hand Weapons
 a - the +4 battleaxe of Toothy Watchfulness (weapon) {antimagic, Fly SInv}
   (You found it on level 4 of the Dungeon)

   It reduces the magical energy of the wielder, and disrupts the spells and
   magical abilities of those it strikes.
   Natural abilities and divine invocations are not affected.
   SInv:      It lets you see invisible.
   Fly:       It grants you flight.
 b - the +7 flail "Tiged" {elec, rElec Str+4}
   (You found it on level 3 of the Lair of Beasts)

   It occasionally discharges a powerful burst of electricity upon striking a
   foe.
   Str:       It affects your strength (+4).
   rElec:     It insulates you from electricity.
 A - the +8 whip "Snakebite" {venom, curare, rPois}
   (You found it on level 3 of the Lair of Beasts)

   It poisons the flesh of those it strikes.
   It occasionally inflicts asphyxiating poison on those it strikes, dealing
   poison damage and causing slowness.
   rPois:     It protects you from poison.
Armour
 d - a +1 helmet (worn)
 l - the +1 plate armour of Comp (worn) {Stlth+}
   (You took it off a gnoll on level 5 of the Dungeon)

   Stlth:     It makes you more stealthy.
 o - a +0 pair of gloves (worn)
 p - a +0 kite shield
 E - a +0 troll leather armour
Jewellery
 c - a +4 ring of evasion (right hand)
 j - an amulet of the acrobat
 k - a +4 ring of evasion (left hand)
 s - an amulet of reflection (around neck)
 y - a ring of ice
 C - a ring of flight
 G - an amulet of regeneration
Wands
 h - a wand of quicksilver (2)
 r - a wand of charming (17)
 v - a wand of mindburst (1) (quivered)
 x - a wand of flame (3)
 B - a wand of polymorph (6)
 F - a wand of iceblast (6)
Scrolls
 e - 5 scrolls of teleportation
 f - 2 scrolls of brand weapon
 g - 5 scrolls of noise
 m - 4 scrolls of vulnerability
 n - 2 scrolls of blinking
 q - 10 scrolls of identify
 u - 6 scrolls of enchant weapon
 w - a scroll of amnesia
 z - 2 scrolls of immolation
 D - 2 scrolls of poison
Miscellaneous
 t - a phial of floods (inert)


   Skills:
 - Level 10.0 Fighting
 + Level 19.5(19.6) Axes
 - Level 2.4(13.0) Polearms
 - Level 2.4 Dodging
 - Level 1.5 Stealth


You had 13 spell levels left.
You didn't know any spells.
Your spell library contained the following spells:

 Spells                   Type           Power      Damage    Failure   Level
 Apportation              Tloc           0%         N/A       100%        1
 Freeze                   Ice            0%         1d3       100%        1
 Magic Dart               Conj           0%         1d3       100%        1
 Necrotise                Necr           0%         1d4       100%        1
 Summon Small Mammal      Summ           0%         N/A       100%        1
 Blink                    Tloc           0%         N/A       100%        2
 Call Imp                 Summ           0%         N/A       100%        2
 Scorch                   Fire           0%         2d5       100%        2
 Call Canine Familiar     Summ           0%         N/A       100%        3
 Dazzling Flash           Conj/Hex       0%         N/A       100%        3
 Frozen Ramparts          Ice            0%         1d2       100%        3
 Mephitic Cloud           Conj/Pois/Air  0%         N/A       100%        3
 Ozocubu's Armour         Ice            0%         N/A       100%        3
 Portal Projectile        Hex/Tloc       0%         N/A       100%        3
 Summon Guardian Golem    Hex/Summ       0%         N/A       100%        3
 Flame Wave               Conj/Fire      0%         2d4       100%        4
 Hailstorm                Conj/Ice       0%         3d3       100%        4
 Iskenderun's Mystic Bla  Conj/Tloc      0%         2d3       100%        4
 Leda's Liquefaction      Hex/Erth       0%         N/A       100%        4
 Petrify                  Tmut/Erth      0%         N/A       100%        4
 Irradiate                Conj/Tmut      0%         3d11      100%        5
 Iskenderun's Battlesphe  Conj           0%         2d6       100%        5
 Manifold Assault         Tloc           0%         N/A       100%        5
 Metabolic Englaciation   Hex/Ice        0%         N/A       100%        5
 Starburst                Conj/Fire      0%         6d3       100%        6
 Summon Cactus Giant      Summ           0%         N/A       100%        6
 Orb of Destruction       Conj           0%         9d5       100%        7
 Ozocubu's Refrigeration  Ice            0%         4d5       100%        7
 Spellforged Servitor     Conj/Summ      0%         N/A       100%        7
 Sublimation of Blood     Necr           Unusable   N/A       N/A         2
 Statue Form              Tmut/Erth      Unusable   N/A       N/A         6
 Storm Form               Tmut/Air       Unusable   N/A       N/A         7

Dungeon Overview and Level Annotations

Branches:
Dungeon (15/15)            Temple (1/1) D:5            Lair (5/5) D:10
 Shoals (0/4) Lair:3       Spider (0/4) Lair:3        Slime (0/5) Lair:5
    Orc (0/2) D:11         Vaults (0/5) D:14
 Depths: D:15

Altars:
Ashenzari
Cheibriados
Dithmenos
Fedhas
Gozag
Hepliaklqana
Kikubaaqudgha
Makhleb
Nemelex Xobeh
Okawaru
Qazlal
Ru
Sif Muna
Trog
Uskayaw
Vehumet
Wu Jian
Xom
Yredelemnul
Jiyva

Shops:
D:7 =(([   D:15 =

Annotations:
D:15 exclusion: ice statue


Innate Abilities, Weirdness & Mutations

You are immune to poison.
Your flesh is cold resistant. (rC+)
You are immune to negative energy. (rN+++)
You are immune to unholy pain and torment.
You are vulnerable to heat. (rF-)
You are strongly in touch with the powers of death.
You do not drink.


Message History

The meliai misses you. The meliai hits you with a +4 hand axe.
The meliai closely misses you.
You slice the meliai!!
You kill the meliai!
The boulder beetle is no longer distracted by gold.
The boulder beetle leaps!
A freezing wraith comes into view.
Okay, then.
The redback changes into an elephant!
The yaktaur captain is distracted by your dazzling golden aura.
The frost giant hits you with a +0 battleaxe of freezing.
The frost giant freezes you.
Things that are here:
15 gold pieces; a +0 longbow You now have enough gold to petition Gozag for potion effects.
You now have 404 gold pieces (gained 15).
The elephant changes into an eye of devastation!
The frost giant hits you with a +0 battleaxe of freezing!!
* * * LOW HITPOINT WARNING * * *
The frost giant freezes you.
* * * LOW HITPOINT WARNING * * *
Blink to where?
Press: ? - help, Dir - move target
Okay, then.
Okay, then.
As you read the scroll of fear, it crumbles to dust.
You assume a fearsome visage.
The yaktaur captain looks frightened!
The wizard looks frightened!
The frost giant resists with some effort.
The boulder beetle looks frightened!
The yaktaur captain looks frightened!
The eye of devastation looks frightened!
The troll looks frightened!
The eye of devastation changes into a wolf spider!
The wizard gibbers meaninglessly.
The wizard gestures wildly while chanting.
The wizard flickers and vanishes for a moment.
The yaktaur captain is distracted by your dazzling golden aura.
The frost giant hits you with a +0 battleaxe of freezing!!
You die...
Your body crumbles into a pile of gold.

..##..# #.........#
#......# #..#
#......##### ########
#......# .W# .####......#
#. ...........# ..
...........# .##
...........# ?}# #
#...........#####pc.# #..
#........##.@CTB.s#.#
#..##........########c..#
$ #..##.[......# :[# #
#..##........# .##
#..##........# ..
#..##........# #. ###
#..##........# ..# #..
#............# ##########
##### #............#
#........# #..#


You could see a frost giant, 2 yaktaur captains, a boulder beetle (fleeing), a
wolf spider shaped shifter (fleeing), a wizard (invisible, fleeing) and a troll
(fleeing).

Vanquished Creatures
  Gastronok (D:8)
  5 hydras
  A boulder beetle (D:13)
  5 catoblepae
  4 two-headed ogres
  3 centaur warriors
  6 death yaks (Lair:5)
  Urug (D:14)
  Amaemon (Lair:2)
  4 manticores
  6 elephants
  6 black mambas
  A torpor snail (Lair:5)
  An orange demon (Lair:2)
  A gargoyle (D:14)
  3 rime drakes (Lair:3)
  12 cane toads
  2 unseen horrors
  Maggie (D:6)
  A freezing wraith (D:13)
  2 tengu conjurers (D:15)
  7 komodo dragons
  3 kobold demonologists
  4 trolls
  2 polar bears
  A meliai (D:13)
  7 blink frogs
  Prince Ribbit (D:7)
  5 shadows
  A wraith (D:13)
  Grum (D:8)
  15 humans
  46 yaks
  A hog (shapeshifter) (D:15)
  2 wyverns
  2 basilisks
  2 steam dragons (D:8)
  13 vampire mosquitoes
  3 acid dragons
  18 water moccasins
  A sky beast (D:7)
  7 black bears
  2 orc warriors
  15 wolves
  An ogre (D:5)
  4 centaurs
  15 bullfrogs
  2 kobold brigands
  5 scorpions
  4 gnoll sergeants
  20 wights
  3 killer bees (D:9)
  2 howler monkeys (D:12)
  3 hounds
  A jelly (D:4)
  5 orc priests
  Terence (D:2)
  2 gnoll boudas
  5 iguanas
  6 orc wizards
  9 adders
  27 gnolls
  2 shadow imps (D:7)
  2 white imps (D:6)
  An ufetubus (D:5)
  4 worms
  2 dart slugs
  41 orcs
  7 endoplasms
  2 giant cockroaches
  11 goblins
  5 hobgoblins
  7 jackals (D:2)
  8 quokkas
  7 ball pythons
  3 bats
  4 frilled lizards
  8 kobolds
  4 rats
459 creatures vanquished.

Vanquished Creatures (collateral kills)
  2 wights (D:7)
2 creatures vanquished.

Vanquished Creatures (others)
  28 fungi
  47 plants
75 creatures vanquished.

Grand Total: 536 creatures vanquished

Notes
Turn   | Place    | Note
-------+----------+-------------------------------------------
     0 | D:1      | concernfroge the Mummy Monk began the quest for the Orb.
     0 | D:1      | Reached XP level 1. HP: 18/18 MP: 1/1
    98 | D:1      | Reached XP level 2. HP: 10/24 MP: 2/2
  1290 | D:2      | Gained mutation: You are in touch with the powers of death.
                  | [Mummy growth]
  1290 | D:2      | Reached XP level 3. HP: 28/30 MP: 3/3
  2164 | D:2      | Found a faded altar of an unknown god.
  2213 | D:2      | Noticed Terence
  2216 | D:2      | Killed Terence
  2217 | D:2      | Reached skill level 5 in Fighting
  2217 | D:2      | Reached XP level 4. HP: 39/39 MP: 4/4
  3214 | D:3      | Reached XP level 5. HP: 12/46 MP: 5/5
  3439 | D:3      | Found a stormy altar of Qazlal.
  3960 | D:4      | Identified the +4 battleaxe of Toothy Watchfulness
                  | {antimagic, Fly SInv}
  4193 | D:4      | Reached XP level 6. HP: 42/53 MP: 2/6
  4646 | D:5      | Entered Level 5 of the Dungeon
  4772 | D:5      | Upgraded the game from 0.29-a0-892-g2c4c91d9db to
                  | 0.29-a0-911-g88e6f02907
  4913 | D:5      | Reached XP level 7. HP: 51/62 MP: 2/7
  5038 | D:5      | Identified the +1 plate armour of Comp {Stlth+}
  5113 | D:5      | Found a sacrificial altar of Ru.
  5481 | D:4      | HP: 2/63 [orc priest/divine providence (14)]
  5871 | D:5      | Found an opulent altar of Gozag.
  5901 | D:5      | Became a worshipper of Gozag Ym Sagoz the Greedy
  5994 | D:5      | Found a hide-covered altar of Uskayaw.
  6033 | D:5      | Found a staircase to the Ecumenical Temple.
  6045 | Temple   | Entered the Ecumenical Temple
  6258 | D:6      | Reached XP level 8. HP: 47/72 MP: 2/8
  6525 | D:6      | Reached skill level 10 in Fighting
  6591 | D:6      | Noticed Maggie
  6595 | D:6      | Reached skill level 1 in Axes
  6769 | D:6      | Reached skill level 2 in Axes
  6919 | D:6      | Reached skill level 3 in Axes
  7006 | D:6      | Got the Secrets of the Blizzard and Conjuration
  7080 | D:6      | Killed Maggie
  7081 | D:6      | Reached skill level 4 in Axes
  7472 | D:7      | Noticed Prince Ribbit
  7487 | D:7      | Killed Prince Ribbit
  7488 | D:7      | Reached skill level 5 in Axes
  7673 | D:7      | Reached XP level 9. HP: 69/78 MP: 3/9
  7750 | D:7      | Found Pisoocoj's Antique Weapon Boutique.
  7770 | D:7      | Found Kecveari's Armour Emporium.
  7773 | D:7      | Reached skill level 6 in Axes
  8074 | D:7      | Found Faobbi Pato's Antique Weapon Boutique.
  8236 | D:7      | Found Jemosh's Jewellery Emporium.
  8479 | D:7      | Reached skill level 7 in Axes
  8680 | D:7      | Bought a +0 helmet for 67 gold pieces
  8846 | D:8      | Reached skill level 8 in Axes
  8846 | D:8      | Noticed a two-headed ogre
  9176 | D:8      | Noticed Grum
  9184 | D:8      | Killed Grum
  9186 | D:8      | Reached skill level 9 in Axes
  9343 | D:8      | Noticed Gastronok
  9377 | D:8      | Reached XP level 10. HP: 59/85 MP: 3/10
  9886 | D:9      | Reached skill level 10 in Axes
 10087 | D:9      | Identified the +1 long sword of Mastery {pain, rElec rC+
                  | Str+2}
 10720 | D:9      | Reached skill level 11 in Axes
 10897 | D:10     | Entered Level 10 of the Dungeon
 10975 | D:10     | Found a staircase to the Lair.
 11843 | D:10     | Reached XP level 11. HP: 58/90 MP: 3/11
 12381 | Lair:1   | Entered Level 1 of the Lair of Beasts
 12381 | Lair:1   | Found the +14 obsidian axe {vorpal, Mesm Drain Fly SInv}
 12400 | Lair:1   | Reached skill level 12 in Axes
 12405 | Lair:1   | Noticed a six-headed hydra
 13704 | Lair:2   | Noticed Amaemon
 13720 | Lair:2   | Killed Amaemon
 13989 | Lair:2   | Reached skill level 13 in Axes
 14417 | Lair:3   | Noticed an eight-headed hydra
 14830 | Lair:3   | Found a hole to the Spider Nest.
 15220 | Lair:2   | Reached skill level 14 in Axes
 16019 | Lair:3   | Reached XP level 12. HP: 86/97 MP: 4/12
 16266 | Lair:3   | Found the +8 whip "Snakebite" {venom, curare, rPois}
 16394 | Lair:3   | Killed an eight-headed hydra
 16845 | Lair:3   | Found a staircase to the Shoals.
 16888 | Lair:3   | Identified the +7 flail "Tiged" {elec, rElec Str+4}
 17384 | Lair:4   | Reached skill level 15 in Axes
 18393 | Lair:5   | Entered Level 5 of the Lair of Beasts
 18583 | Lair:5   | Found a staircase to the Slime Pits.
 18583 | Lair:5   | Found a viscous altar of Jiyva.
 19040 | Lair:5   | Reached skill level 16 in Axes
 19139 | Lair:5   | Noticed a five-headed hydra
 19866 | Lair:5   | Noticed a six-headed hydra
 19875 | Lair:5   | Killed a six-headed hydra
 19876 | Lair:5   | Gained mutation: You are strongly in touch with the powers
                  | of death. [Mummy growth]
 19876 | Lair:5   | Reached XP level 13. HP: 63/103 MP: 5/13
 20428 | Lair:5   | HP: 4/103 [catoblepas (20)]
 20891 | Lair:5   | Reached skill level 17 in Axes
 22102 | Lair:5   | Identified the +12 dagger of Fortitude {venom, rN+++ Int-3
                  | Dex-5 SInv}
 22696 | Lair:1   | Found a bloodstained altar of Trog.
 23670 | D:11     | Found a staircase to the Orcish Mines.
 23796 | D:11     | Reached skill level 18 in Axes
 24939 | D:8      | Killed Gastronok
 26474 | D:13     | HP: 5/103 [boulder beetle (19)]
 27227 | D:13     | Reached XP level 14. HP: 59/110 MP: 4/14
 27548 | D:13     | You are sucked into a shaft and drop 2 floors!
 27548 | D:15     | Entered Level 15 of the Dungeon
 27687 | D:15     | Reached skill level 19 in Axes
 27954 | D:15     | Found Erudics's Jewellery Shop.
 28036 | D:14     | Noticed Urug
 28036 | D:14     | Found a gate to the Vaults.
 28043 | D:14     | Killed Urug
 28061 | D:14     | HP: 2/110 [catoblepas/blast of calcifying dust (10)]
 28940 | D:13     | Noticed a frost giant
 28948 | D:13     | Demolished by a frost giant

Illustrated notes

Levels and vault maps discovered:
D:1:      matt_arrival_los_fun, layout_loops_ring
D:2:      layout_basic, shapermc_ecumenical_altar_acropolis, grunt_ministairs_6,
          hangedman_decor_opposing, uniq_terence
D:3:      cheibrodos_greedy_goblins, layout_rooms, lemuel_crystal_altar,
          chequers_mini_garden
D:4:      layout_gridville, kennysheep_boxes
D:5:      layout_rooms, nicolae_ru_path_of_blood,
          mainiacjoe_overflow_large_starburst, temple_hall
D:6:      layout_gridville, nicolae_elevator_lobby_plus, uniq_maggie
D:7:      layout_loops_ring, serial_shops, nicolae_stop_n_shop_1,
          nicolae_square_shop, nicolae_lakefront_shop, nicolae_take_the_stairs,
          minmay_statues_item, uniq_prince_ribbit1
D:8:      layout_cave_pools, uniq_gastronok, uniq_grum
D:9:      layout_basic
D:10:     layout_basic, lair_entry_dummy, kennysheep_small_spiral
D:11:     layout_irregular_city, hiddenorc1_lemuel
D:12:     layout_loops_cross
D:13:     minmay_guarded_unrand_guard, layout_long_grid, uniq_rupert
D:14:     layout_roguey, david_vaults_3, trog_three_pillars_becter,
          gammafunk_ghost_fury_of_okawaru, special_room [special_room_orc],
          kennysheep_donut, uniq_agnes
D:15:     gammafunk_enter_depths_forms, layout_small_grid,
          portal_ice_cave_entry_ice_statue_two, ebering_ghost_funeral_grove,
          nicolae_gozag_seed_capital, serial_shops, nicolae_shop_hallway_stairs,
          nicolae_titane
Temple:   compressed_dpeg_circular_temple
Lair:1:   layout_small_grid, basic_altar, eino_small_chamber_without_monster,
          minivault_23, dreamdust_deal_with_the_devil, st_stairs_7,
          grunt_megastairs_4, infiniplex_staircase_pool_2
Lair:2:   layout_small_grid, serial_rivers, chequers_serial_rivers_small_3,
          chequers_serial_rivers_small_b, chequers_serial_rivers_micro_c,
          chequers_serial_rivers_small_3, chequers_serial_rivers_large_a,
          uniq_amaemon
Lair:3:   minmay_guarded_unrand_snakebite, layout_regular_city,
          shoals_dummy_entry, dummy_spider_entry, grunt_megastairs_3,
          serial_bayou_shore_b
Lair:4:   layout_cave_pods, eino_small_chamber_without_monster
Lair:5:   evilmike_catoblepas_cave, layout_loops_ring, slime_entry_1

Skill      XL: |  1  2  3  4  5  6  7  8  9 10 11 12 13 14 |
---------------+-------------------------------------------+-----
Fighting       | 4 5 6 8 9 10 | 10.0
Axes           | 5 9 11 14 16 18 19 | 19.5
Polearms       | |  2.4
Dodging        | |  2.4
Stealth        | |  1.5

Action                   |  1- 3 |  4- 6 |  7- 9 | 10-12 | 13-15 || total
-------------------------+-------+-------+-------+-------+-------++-------
Melee: Spear             |   152 |    90 |       |       |       ||   242
       Punch             |     1 |     1 |       |       |       ||     2
       Battleaxe         |       |    40 |   219 |   657 |   507 ||  1423
       Trident           |       |     2 |       |     6 |       ||     8
       Whip              |       |       |       |     9 |       ||     9
       Flail             |       |       |       |     5 |    20 ||    25
Invok: Potion Petition   |       |       |     1 |     1 |    10 ||    12
Evoke: Wand              |     5 |     4 |       |     2 |    27 ||    38
       Phial of floods   |       |       |       |     1 |     1 ||     2
  Use: Scroll            |       |     9 |     6 |     8 |    10 ||    33
 Stab: Sleeping          |     1 |     1 |       |       |       ||     2
       Distracted        |       |       |     1 |     7 |     8 ||    16
       Petrified         |       |       |       |       |     7 ||     7
Armor: Robe              |     8 |       |       |       |       ||     8
       Leather armour    |    10 |     1 |       |       |       ||    11
       Ring mail         |       |     4 |       |       |       ||     4
       Chain mail        |       |    44 |    43 |       |       ||    87
       Plate armour      |       |       |    83 |   288 |   183 ||   554
Dodge: Dodged            |    84 |    58 |   245 |   512 |   294 ||  1193
Block: Other             |       |       |       |   177 |   100 ||   277
       Reflection        |       |       |       |     1 |     2 ||     3

Table legend: (Time is in decaauts)
 A = Elapsed time spent in this place.
 B = Non-inter-level travel time spent in this place.
 C = Inter-level travel time spent in this place.
 D = Time resting spent in this place.
 E = Time spent auto-exploring this place.
 F = Levels seen in this place.
 G = Mean time per level.
                   A        B        C        D        E       F      G
               +--------+--------+--------+--------+--------+-----+--------+
         Total |  28956 |  27394 |   1562 |   5865 |  17904 |  21 | 1378.9 |
       Dungeon |  18098 |  16971 |   1127 |   3101 |  11510 |  15 | 1206.5 |
        Temple |     88 |     74 |     14 |      0 |     58 |   1 |   88.0 |
          Lair |  10769 |  10349 |    420 |   2764 |   6336 |   5 | 2153.8 |
               +--------+--------+--------+--------+--------+-----+--------+

Top non-repeatable levels by time:
  Lair:5: 3568 daAuts
  Lair:2: 2872 daAuts
     D:2: 1924 daAuts
    D:13: 1885 daAuts
    D:10: 1736 daAuts
     D:7: 1638 daAuts
  Lair:3: 1633 daAuts
  Lair:1: 1447 daAuts
     D:9: 1416 daAuts
     D:6: 1258 daAuts
  Lair:4: 1247 daAuts
     D:4: 1183 daAuts
     D:8: 1179 daAuts
    D:11: 1150 daAuts
     D:1: 1122 daAuts
